 Dungeon Crawl Stone Soup version 0.24-a0-201-gf205589 (webtiles) character file.

Game seed: 10333885526083180243

1828 krystol the Skirmisher (level 8, -20/73 HPs)
             Began as a Pale Draconian Air Elementalist on Mar 23, 2019.
             Was a Priest of Vehumet.
             Demolished by an orc warrior
             ... wielding a +0 battleaxe
              (22 damage)
             ... on level 6 of the Dungeon on Mar 24, 2019.
             The game lasted 00:35:54 (8273 turns).

krystol the Skirmisher (DrAE)                       Turns: 8273, Time: 00:35:54

Health: -20/73     AC:  6    Str: 12    XL:     8   Next: 86%
Magic:  13/13      EV: 12    Int: 17    God:    Vehumet [***...]
Gold:   193        SH:  0    Dex: 11    Spells: 6/14 levels left

rFire    . . .     SeeInvis .   A - +10 quarterstaff "Hezoled" {vamp, rPois}
rCold    . . .     Gourm    .   (shield currently unavailable)
rNeg     . . .     Faith    .   (armour unavailable)
rPois    +         Spirit   .   (helmet restricted)
rElec    .         Reflect  .   (no cloak)
rCorr    .         Harm     .   (no gloves)
MR       .....                  (no boots)
Stlth    +++.......             (no amulet)
HPRegen  0.22/turn              h - ring of stealth
MPRegen  0.13/turn              (no ring)

@: short of breath
A: breathe steam, unfitting armour, cold-blooded, AC +6
a: Breathe Steam, Renounce Religion


You were on level 6 of the Dungeon.
You worshipped Vehumet.
Vehumet was most pleased with you.
You were not hungry.

You visited 1 branch of the dungeon, and saw 7 of its levels.

You collected 391 gold pieces.
You spent 198 gold pieces at shops.

Inventory:

Hand Weapons
 e - a +1 dire flail of pain
 r - a cursed +0 hunting sling
 A - the +10 quarterstaff "Hezoled" (weapon) {vamp, rPois}
   (You found it on level 4 of the Dungeon)

   It inflicts no extra harm, but heals its wielder when it wounds a living foe.
   It protects you from poison.
Missiles
 a - a throwing net (quivered)
 c - 66 sling bullets
 d - 133 stones
Jewellery
 h - a ring of stealth (left hand)
 C - an uncursed ring of protection from cold {unknown}
Wands
 v - a wand of clouds (2)
 x - a wand of disintegration (17)
 B - a wand of enslavement (11)
Scrolls
 f - a scroll of immolation {unknown}
 g - 2 scrolls of teleportation {unknown}
 i - a scroll of amnesia
 j - a scroll of noise {unknown}
 m - 3 scrolls of identify {unknown}
 n - a scroll of enchant armour {unknown}
 t - a scroll of remove curse
 w - 3 scrolls of magic mapping {unknown}
 y - 4 scrolls of fear {unknown}
Potions
 k - a potion of magic {unknown}
 l - a potion of heal wounds {unknown}
 o - a potion of haste {unknown}
 p - 2 potions of agility {unknown}
 q - a potion of lignification {unknown}
 s - 2 potions of berserk rage {unknown}
 u - 2 potions of invisibility {unknown}
 z - 2 potions of curing {unknown}
Comestibles
 b - 6 rations


   Skills:
 + Level 7.0 Fighting
 * Level 2.9 Staves
 - Level 2.5 Dodging
 - Level 1.7 Stealth
 - Level 3.6 Spellcasting
 - Level 6.0 Conjurations
 + Level 6.5 Air Magic


You had 6 spell levels left.
You knew the following spells:

 Your Spells              Type           Power        Failure   Level  Hunger
a - Shock                 Conj/Air       ###.         1%          1    None
b - Airstrike             Air            ####......   3%          4    ####...
c - Static Discharge      Conj/Air       ###.....     1%          3    ###....

Your spell library contained the following spells:

 Spells                   Type           Power        Failure   Level  Hunger
 Throw Flame              Conj/Fire      ##....       2%          2    ##.....
 Swiftness                Chrm/Air       ##......     6%          2    ##.....
 Lightning Bolt           Conj/Air       ###.......   10%         5    ######.


Dungeon Overview and Level Annotations

Branches:
Dungeon (7/15)             Temple (0/1) D:5

Altars:
Elyvilon
Kikubaaqudgha
Ru
Uskayaw
Vehumet
Xom
Yredelemnul
Zin
The Shining One

Shops:
D:4 }


Innate Abilities, Weirdness & Mutations

You can breathe blasts of scalding, opaque steam.
Your pale cyan-grey scales are hard. (AC +6)
You cannot fit into any form of body armour.
You are cold-blooded and may be slowed by cold attacks.


Message History

The orc warrior hits you with a +0 battleaxe!
* * * LOW HITPOINT WARNING * * *
You sock the orc warrior!
The orc warrior is heavily wounded.
The orc warrior closely misses you.
You hit the orc warrior.
You feel better.
The orc warrior is heavily wounded.
You hit the orc warrior but do no damage.
The orc warrior is heavily wounded.
The orc warrior is engulfed in a cloud of scalding steam.
The orc warrior closely misses you.
You hit the orc warrior.
You feel better.
The orc warrior is severely wounded.
The orc warrior is engulfed in a cloud of scalding steam.
The orc warrior hits you with a +0 battleaxe!
* * * LOW HITPOINT WARNING * * *
You closely miss the orc warrior.
The orc warrior is severely wounded.
The orc warrior hits you with a +0 battleaxe!!
You die...

#.#.# ###..##..8..##..########
#.#.# ##..##...##..#####....
##.#.# #...##.##.........###
.....##### #.#..###..#########
.........# #.##..#..## .#.#####.#
#.###.#.## .#.# #.# #.# #...# .#.#
##.####.####.##############
.#.####......ยง)o@........[.#.....
......#..####.###>....)..........
#####.#.....#.###.########.#.###.
#.#.###.#.##...# #....<.# #.
#####.#.##..#....#.# ##.##.### #.
........#.#.####...###...#.# #.
#####.##.##..####.###......# #.
#.#.##........##.......# #.
#.##.#...####.###...^..# #.


You could see an orc warrior.

Vanquished Creatures
  Sigmund (D:4)
  Eustachio (D:3)
  Edmund (D:4)
  A necrophage (D:7)
  3 sky beasts (D:6)
  A centaur (D:5)
  Blork the orc (D:3)
  A scorpion (D:4)
  A howler monkey (D:4)
  A crimson imp (D:5)
  2 orc wizards
  A hound (D:5)
  5 orc priests
  2 iguanas
  A bullfrog skeleton (D:5)
  Ijyb (D:4)
  7 worker ants
  A hound zombie (D:3)
  A hound skeleton (D:5)
  3 gnolls (D:5)
  9 adders
  6 worms
  3 dart slugs
  5 leopard geckos
  11 orcs
  A ball python (D:2)
  8 bats
  3 giant cockroaches
  11 hobgoblins
  10 jackals
  4 frilled lizards
  20 goblins
  7 kobolds
  A leopard gecko skeleton (D:4)
  10 rats
145 creatures vanquished.

Notes
Turn   | Place    | Note
-------+----------+-------------------------------------------
     0 | D:1      | krystol the Draconian Air Elementalist began the quest for
                  | the Orb.
     0 | D:1      | Reached XP level 1. HP: 14/14 MP: 3/3
   476 | D:1      | Reached XP level 2. HP: 22/22 MP: 3/5
  1251 | D:2      | Reached XP level 3. HP: 27/27 MP: 4/6
  1298 | D:2      | Found a sacrificial altar of Ru.
  1520 | D:2      | Reached skill level 1 in Fighting
  1661 | D:2      | Found a radiant altar of Vehumet.
  1769 | D:2      | Became a worshipper of Vehumet
  2286 | D:2      | Reached XP level 4. HP: 35/35 MP: 4/7
  2743 | D:2      | Found a shimmering altar of Xom.
  3339 | D:3      | Reached * piety under Vehumet
  3339 | D:3      | Offered knowledge of Sandblast by Vehumet.
  3620 | D:3      | Reached XP level 5. HP: 28/40 MP: 0/8
  3975 | D:3      | Found a hide-covered altar of Uskayaw.
  4363 | D:4      | Offered knowledge of Throw Frost by Vehumet.
  4405 | D:4      | Reached ** piety under Vehumet
  4600 | D:4      | Found Obreol's Gadget Boutique.
  4669 | D:4      | Bought a wand of clouds (2) for 198 gold pieces
  4684 | D:4      | Reached XP level 6. HP: 46/48 MP: 9/11
  4872 | D:3      | Found an ancient bone altar of Kikubaaqudgha.
  5167 | D:4      | Reached skill level 2 in Fighting
  5342 | D:4      | Noticed Edmund
  5364 | D:4      | Killed Edmund
  5364 | D:4      | Reached skill level 5 in Air Magic
  5364 | D:4      | Your scales start taking on a pale cyan-grey colour.
  5364 | D:4      | Reached XP level 7. HP: 44/56 MP: 1/12
  5458 | D:4      | Noticed Blork the orc
  5459 | D:4      | Noticed Eustachio
  5491 | D:3      | Killed Blork the orc
  5761 | D:3      | Killed Eustachio
  5761 | D:3      | Reached skill level 3 in Fighting
  5797 | D:3      | Learned a level 4 spell: Airstrike
  5801 | D:3      | Learned a level 3 spell: Static Discharge
  5853 | D:4      | Noticed Sigmund
  5869 | D:4      | Killed Sigmund
  5869 | D:4      | Reached skill level 5 in Conjurations
  6007 | D:4      | Noticed Ijyb
  6015 | D:4      | Killed Ijyb
  6162 | D:4      | Got a faintly glowing quarterstaff
  6196 | D:4      | Identified the +10 quarterstaff "Hezoled" {vamp, rPois}
                  | (You found it on level 4 of the Dungeon)
  6307 | D:5      | Entered Level 5 of the Dungeon
  6307 | D:5      | Found a basalt altar of Yredelemnul.
  6309 | D:5      | Reached skill level 4 in Fighting
  6311 | D:5      | Reached XP level 8. HP: 49/66 MP: 13/13
  6523 | D:5      | Found a staircase to the Ecumenical Temple.
  6613 | D:5      | Found a white marble altar of Elyvilon.
  6636 | D:5      | Reached skill level 5 in Fighting
  7031 | D:5      | Offered knowledge of Throw Flame by Vehumet.
  7283 | D:6      | Reached skill level 6 in Fighting
  7354 | D:6      | Found a glowing golden altar of the Shining One.
  7508 | D:6      | Found a glowing silver altar of Zin.
  7666 | D:6      | Reached skill level 1 in Staves
  7961 | D:7      | Reached skill level 7 in Fighting
  8268 | D:6      | Reached *** piety under Vehumet
  8272 | D:6      | HP: 2/73 [orc warrior/+0 battleaxe (9)]
  8273 | D:6      | Demolished by an orc warrior

Levels and vault maps discovered:
D:1:      roderic_octagonal_star, layout_loops_ring
D:2:      layout_loops_ring, lemuel_coloured_pillars_altar,
          overflow_temple_1_default, lemuel_round_altar, first_ration
D:3:      cheibrodos_greedy_goblins, layout_loops_ring,
          nicolae_overflow_hidden_temple
D:4:      layout_basic, serial_shops, shop_fountains, uniq_blork_the_orc,
          uniq_eustachio, uniq_ijyb, uniq_sigmund, uniq_edmund
D:5:      layout_rooms, kennysheep_mini_moat, minmay_temple_entry_purple_smoke,
          basic_altar
D:6:      layout_loops_ring, tso_metal_star, zin_statuary
D:7:      minmay_s_stair_smasher, layout_loops_ring, kennysheep_little_box,
          chequers_temple_overflow_minitemple, grunt_livestock,
          grunt_dithmenos_shadows

Skill      XL: |  1  2  3  4  5  6  7  8 |
---------------+-------------------------+-----
Dodging        | 2 |  2.5
Fighting       | 1 2 4 7 |  7.0
Conjurations   | 2 3 4 5 6 |  6.0
Air Magic      | 4 5 6 |  6.5
Spellcasting   | 3 |  3.6
Staves         | 2 |  2.9
Stealth        | |  1.7

Action                   |  1- 3 |  4- 6 |  7- 9 || total
-------------------------+-------+-------+-------++-------
Melee: Unarmed           |     4 |    12 |       ||    16
       Tailslap          |     1 |     1 |     3 ||     5
       Quarterstaff      |       |       |    55 ||    55
 Cast: Shock             |   100 |   153 |    95 ||   348
 Abil: Breathe Steam     |       |       |     7 ||     7
  Use: Scroll            |       |     2 |     1 ||     3
 Stab: Sleeping          |       |       |     1 ||     1
  Eat: Chunk             |     5 |     6 |     6 ||    17
       Ration            |       |     2 |     2 ||     4
Armor: Skin              |     6 |    18 |    39 ||    63
Dodge: Dodged            |    23 |    54 |    79 ||   156

Table legend:
 A = Non-vault XP
 B = Vault XP
 C = Vault XP percentage of total XP
 D = Non-vault monster count
 E = Vault monster count
 F = Vault count percentage of total count
                 A         B        C        D         E       F
            +---------+---------+-------+---------+---------+-------
      Total |    1871 |     741 |  28.4 |     128 |      17 |  11.7
            +---------+---------+-------+---------+---------+-------
        D:1 |      38 |       0 |   0.0 |      23 |       0 |   0.0
        D:2 |      81 |       0 |   0.0 |      25 |       0 |   0.0
        D:3 |      66 |     321 |  82.9 |      15 |      14 |  48.3
        D:4 |     433 |     420 |  49.2 |      25 |       3 |  10.7
        D:5 |     555 |       0 |   0.0 |      27 |       0 |   0.0
        D:6 |     565 |       0 |   0.0 |      11 |       0 |   0.0
        D:7 |     133 |       0 |   0.0 |       2 |       0 |   0.0
            +---------+---------+-------+---------+---------+-------
